 Dungeon Crawl Stone Soup version 0.31-a0-1074-g0b22e4e0f1 (webtiles) character file.

Game seed: 6663051532960388341

47 lunkers the Insei (level 4, 0/35 HPs)
             Began as a Meteoran Shapeshifter on Dec 8, 2023.
             Killed by nerve-wracking pain
             ... invoked by Jessica
              (12 damage)
             ... on level 2 of the Dungeon.
             The game lasted 00:01:16 (519 turns).

lunkers the Insei (Meteoran Shapeshifter)            Turns: 519, Time: 00:01:16

Health: 0/35       AC:  2    Str: 15    XL:     4   Next: 17%
Magic:  5/5        EV: 12    Int: 11    God:
Gold:   27         SH:  0    Dex: 16    Spells: 3/3 levels left

rFire   . .          .
                       - Unarmed
rCold   . . .        (no shield)
rNeg    . . .        a - +0 animal skin
rPois   .            (helmet currently unavailable)
rElec   .            (cloak currently unavailable)
rCorr   .            (gloves currently unavailable)
SInv    .            (boots currently unavailable)
Will    .....        (no amulet)
Stlth   +            (no ring)
HPRegen 0.25/turn    (no ring)
MPRegen 0.09/turn

%: no passive effects
@: beast-form, glowing
A: beast (slay +2), sense surroundings 1, otherworldly, glowing, explore regen
a: Begin Untransformation


You were on level 2 of the Dungeon.
You were a hulking beast.
You visited 1 branch of the dungeon, and saw 2 of its levels.

You collected 27 gold pieces.

Inventory:

Armour
 a - a +0 animal skin (worn)
 f - a +0 helmet
Talismans
 c - a beast talisman
 d - a flux talisman
Scrolls
 e - a scroll of brand weapon {unknown}
 g - a scroll of identify {unknown}
Potions
 b - a potion of lignification
 h - 3 potions of enlightenment {unknown}


   Skills:
 - Level 1.1 Fighting
 - Level 2.1 Dodging
 * Level 5.0 Unarmed Combat
 + Level 4.2 Shapeshifting


You had 3 spell levels left.
You didn't know any spells.
Your spell library contained the following spells:

 Spells                   Type           Power      Damage    Failure   Level
 Summon Guardian Golem    Hex/Summ       0%         N/A       71%         3
 Anguish                  Hex/Necr       0%         N/A       98%         4
 Cause Fear               Hex            0%         N/A       98%         4
 Enfeeble                 Hex            0%         N/A       100%        7
 Orb of Destruction       Conj           0%         9d5       100%        7
 Spellforged Servitor     Conj/Summ      0%         N/A       100%        7


Dungeon Overview and Level Annotations

Branches:
Dungeon (2/15) Zot: 686

Altars:

Annotations:
D:2 Jessica


Innate Abilities, Weirdness & Mutations

You are a hulking beast.
Your limbs bulge with bestial killing power. (Slay +2)
You passively map a small area around you.
You are easily found by Zot.
You glow in the dark.
You regain HP and MP as you explore.


Message History

Jessica gestures wildly while chanting.
Jessica blinks!
The goblin barely misses you.
Unknown command.
You punch the goblin!
You kill the goblin!
The adder completely misses you.
You hit the adder.
The adder is heavily wounded.
The adder misses you.
You hit the adder.
The adder is heavily wounded.
The adder bites you but does no damage.
You barely miss the adder.
The adder is heavily wounded.
The adder bites you.
* * * LOW HITPOINT WARNING * * *
You are poisoned.
The adder poisons you!
Jessica casts a spell.
Jessica blinks!
You miss the adder.
The adder is heavily wounded.
You feel sick. The adder closely misses you.
You punch the adder!
You kill the adder!
You feel sick.
You have reached level 4!
You punch the rat!
You kill the rat!
You feel sick.
Jessica casts a spell.
Jessica blinks!
Your Unarmed Combat skill increases to level 5!
You feel sick.
You are no longer poisoned.
Things that are here:
a +0 club; a rat corpse; an adder corpse Jessica gestures at you while chanting.
Pain shoots through your body!
You die...

....#.#........#.#
###.#.#........#.#
....#........#.#.##
.####....#####....#######
* .......### ##..........
##.....# ##.######..
####### #)# , , , #.#
####h##* * ,, #..ยง..#*,
, #....@........ , *
#.............. ,
#..............
#>.............
#..............
#....[......... *
#..............


You could see Jessica.

Vanquished Creatures
  2 adders (D:2)
  A dart slug (D:1)
  2 ball pythons
  2 bats (D:1)
  7 endoplasms
  2 goblins
  5 hobgoblins
  3 rats
24 creatures vanquished.

Notes
Turn   | Place    | Note
-------+----------+-------------------------------------------
     0 | D:1      | lunkers the Meteoran Shapeshifter began the quest for the
                  | Orb.
     0 | D:1      | Reached XP level 1. HP: 16/16 MP: 2/2
   148 | D:1      | Reached skill level 4 in Unarmed Combat
   148 | D:1      | Reached XP level 2. HP: 19/23 MP: 3/3
   282 | D:1      | Reached XP level 3. HP: 28/28 MP: 4/4
   485 | D:2      | Noticed Jessica
   516 | D:2      | Reached XP level 4. HP: 13/35 MP: 5/5
   517 | D:2      | Reached skill level 5 in Unarmed Combat
   519 | D:2      | Killed from afar by Jessica

Illustrated notes

Levels and vault maps discovered:
D:1:      dpeg_arrival_snail, layout_basic
D:2:      layout_rooms, kennysheep_cluttered_room, minmay_heptomino_l4,
          uniq_jessica

Skill      XL: |  1  2  3  4 |
---------------+-------------+-----
Unarmed Combat | 4 5 |  5.0
Shapeshifting  | 4 |  4.2
Fighting       | |  1.1
Dodging        | |  2.1

Action                     |  1- 3 |  4- 6 || total
---------------------------+-------+-------++-------
  Melee: Unarmed           |    75 |     1 ||    76
         Punch             |     1 |       ||     1
 Armour: Animal skin       |    22 |       ||    22
  Dodge: Dodged            |    51 |       ||    51

Table legend: (Time is in decaauts)
 A = Elapsed time spent in this place.
 B = Non-inter-level travel time spent in this place.
 C = Inter-level travel time spent in this place.
 D = Time resting spent in this place.
 E = Time spent auto-exploring this place.
 F = Levels seen in this place.
 G = Mean time per level.
                   A        B        C        D        E       F      G
               +--------+--------+--------+--------+--------+-----+--------+
         Total |    512 |    509 |      3 |      0 |    353 |   2 |  256.0 |
       Dungeon |    512 |    509 |      3 |      0 |    353 |   2 |  256.0 |
               +--------+--------+--------+--------+--------+-----+--------+

Top non-repeatable levels by time:
     D:1: 397 daAuts
     D:2: 115 daAuts
